 Dungeon Crawl Stone Soup version 0.28-a0-1510-gd0f6b136d3 (webtiles) character file.

Game seed: 7598657713043121399

102 voltaire321 the Digger (level 4, -7/25 HPs)
             Began as a Deep Elf Earth Elementalist on Jan 15, 2022.
             Mangled by an ice beast (11 damage)
             ... on level 3 of the Dungeon.
             The game lasted 00:06:16 (2089 turns).

voltaire321 the Digger (DEEE)                       Turns: 2089, Time: 00:06:17

Health: -7/25      AC:  3    Str:  5    XL:     4   Next: 49%
Magic:  3/11       EV: 13    Int: 22    God:
Gold:   82         SH:  0    Dex: 15    Spells: 4/10 levels left

rFire   . . .      SeeInvis .   a - +0 dagger
rCold   . . .      Faith    .   (no shield)
rNeg    . . .      Spirit   .   b - +0 robe
rPois   .          Reflect  .   h - +0 helmet
rElec   .          Harm     .   (no cloak)
rCorr   .          Rampage  .   (no gloves)
Will    .....                   (no boots)
Stlth   ++........              (no amulet)
HPRegen 0.08/turn               (no ring)
MPRegen 0.12/turn               (no ring)

@: no status effects
A: no striking features
a: no special abilities


You were on level 3 of the Dungeon.
You visited 1 branch of the dungeon, and saw 3 of its levels.

You collected 82 gold pieces.

Inventory:

Hand Weapons
 a - a +0 dagger (weapon)
Missiles
 c - 65 stones
Armour
 b - a +0 robe (worn)
 h - a +0 helmet (worn)
Scrolls
 d - a scroll of amnesia {unknown}
 e - 2 scrolls of immolation {unknown}
 g - a scroll of summoning {unknown}
 j - a scroll of teleportation {unknown}
 k - a scroll of magic mapping {unknown}
 l - a scroll of noise {unknown}
Potions
 f - a potion of resistance {unknown}
 i - a potion of flight {unknown}


   Skills:
 + Level 1.2 Fighting
 + Level 3.3 Dodging
 - Level 2.4 Stealth
 + Level 3.9 Spellcasting
 + Level 0.5 Conjurations
 - Level 2.0 Transmutations
 + Level 3.9 Earth Magic


You had 4 spell levels left.
You knew the following spells:

 Your Spells              Type           Power      Damage    Failure   Level
a - Sandblast             Erth           42%        2d11      2%          1
b - Passwall              Tmut/Erth      14%        N/A       4%          2
c - Stone Arrow           Conj/Erth      28%        3d8       13%         3

Your spell library contained the following spells:

 Spells                   Type           Power      Damage    Failure   Level
 Petrify                  Tmut/Erth      17%        N/A       32%         4


Dungeon Overview and Level Annotations

Branches:
Dungeon (3/15)

Altars:

Shops:
D:1 *((


Message History

Confirm with . or Enter, or press ? or * to list all spells.
Aiming: Sandblast (safe; 2% risk of failure)
Press: ? - help, Shift-Dir - straight line, f/p - ice beast
Aim: an ice beast (lightly wounded, 81% to hit)
The blast of sand hits the ice beast.
The ice beast is moderately wounded.
Casting: Sandblast (safe; 2% risk of failure)
Confirm with . or Enter, or press ? or * to list all spells.
The spell is quite dangerous to miscast (13% risk of failure)!
Continue anyway?
Aiming: Stone Arrow (quite dangerous; 13% risk of failure)
Press: ? - help, Shift-Dir - straight line, f/p - ice beast
Aim: an ice beast (moderately wounded, 68% to hit)
The stone arrow misses the ice beast.
The ice beast hits you. The ice beast freezes you.
Casting: Stone Arrow (quite dangerous; 13% risk of failure)
Confirm with . or Enter, or press ? or * to list all spells.
The spell is quite dangerous to miscast (13% risk of failure)!
Continue anyway?
Aiming: Stone Arrow (quite dangerous; 13% risk of failure)
Press: ? - help, Shift-Dir - straight line, f/p - ice beast
Aim: an ice beast (moderately wounded, 68% to hit)
Okay, then.
Casting: Stone Arrow (quite dangerous; 13% risk of failure)
Confirm with . or Enter, or press ? or * to list all spells.
Aiming: Sandblast (safe; 2% risk of failure)
Press: ? - help, Shift-Dir - straight line, f/p - ice beast
Aim: an ice beast (moderately wounded, 81% to hit)
The blast of sand hits the ice beast!
The ice beast is heavily wounded.
The ice beast hits you. The ice beast freezes you!
Casting: Sandblast (safe; 2% risk of failure)
Confirm with . or Enter, or press ? or * to list all spells.
Aiming: Sandblast (safe; 2% risk of failure)
Press: ? - help, Shift-Dir - straight line, f/p - ice beast
Aim: an ice beast (heavily wounded, 81% to hit)
The blast of sand hits the ice beast.
The ice beast is severely wounded.
The ice beast hits you.
* * * LOW HITPOINT WARNING * * *
The ice beast freezes you!
You die...

#........######
#.............#
#........####.#
####.##### #.# #.#
#.# #.# #.# #.# #.#
#.########.#
#.##...Y@#.# #######
#########.##.###.#.#
#.....# ..........#
#.#.#####.###.#
###########
#.#.........^.#
#.#######.##### #.#
#.# #.# #.# #.# #.#
#.#######.#


You could see an ice beast.

Vanquished Creatures
  An iguana (D:2)
  Robin (D:2)
  2 adders (D:2)
  2 dart slugs
  4 ball pythons
  4 bats
  An endoplasm (D:3)
  3 giant cockroaches
  6 goblins
  9 hobgoblins
  3 kobolds (D:1)
  A quokka (D:2)
  A frilled lizard (D:1)
  2 rats
40 creatures vanquished.

Vanquished Creatures (others)
  9 plants (D:2)
9 creatures vanquished.

Grand Total: 49 creatures vanquished

Notes
Turn   | Place    | Note
-------+----------+-------------------------------------------
     0 | D:1      | voltaire321 the Deep Elf Earth Elementalist began the quest
                  | for the Orb.
     0 | D:1      | Reached XP level 1. HP: 10/10 MP: 6/6
    58 | D:1      | Found Wolusch's Weapon Boutique.
   144 | D:1      | Found Weni's Weapon Emporium.
   435 | D:1      | Reached XP level 2. HP: 16/16 MP: 4/8
   485 | D:1      | Found a faded altar of an unknown god.
   630 | D:1      | Found Cahiy's Assorted Antiques.
   819 | D:2      | Learned a level 2 spell: Passwall
   918 | D:2      | Reached XP level 3. HP: 20/20 MP: 9/9
  1125 | D:2      | Reached skill level 1 in Fighting
  1194 | D:2      | Noticed Robin
  1202 | D:2      | Reached XP level 4. HP: 19/25 MP: 8/11
  1228 | D:2      | Learned a level 3 spell: Stone Arrow
  1388 | D:2      | Killed Robin
  1939 | D:3      | Noticed an ogre
  2083 | D:3      | Noticed an ice beast
  2089 | D:3      | Mangled by an ice beast

Illustrated notes

Levels and vault maps discovered:
D:1:      ncdulo_smallfort, layout_basic, serial_shops, nicolae_shop_waterfront,
          shop, nicolae_shop_bloodbath_and_beyond,
          shapermc_ecumenical_altar_totnotflames
D:2:      layout_loops_ring, serial_bayou, serial_bayou_pond_b,
          serial_bayou_lake_a, serial_bayou_shore_a, serial_bayou_shore_b,
          uniq_robin
D:3:      layout_basic, nicolae_dithmenos_shadow_blocks

Skill      XL: |  1  2  3 |
---------------+----------+-----
Dodging        | 3 |  3.3
Fighting       | 1 |  1.2
Transmutations | 2 |  2.0
Stealth        | |  2.4
Spellcasting   | |  3.9
Conjurations   | |  0.5
Earth Magic    | |  3.9

Action                   |  1- 3 |  4- 6 || total
-------------------------+-------+-------++-------
Melee: Dagger            |    18 |    12 ||    30
       Punch             |       |     1 ||     1
 Cast: Sandblast         |    25 |    24 ||    49
       Stone Arrow       |       |     1 ||     1
 Stab: Sleeping          |     1 |     1 ||     2
Armor: Robe              |     5 |     4 ||     9
Dodge: Dodged            |    17 |    14 ||    31

Table legend: (Time is in decaauts)
 A = Elapsed time spent in this place.
 B = Non-inter-level travel time spent in this place.
 C = Inter-level travel time spent in this place.
 D = Time resting spent in this place.
 E = Time spent auto-exploring this place.
 F = Levels seen in this place.
 G = Mean time per level.
                   A        B        C        D        E       F      G
               +--------+--------+--------+--------+--------+-----+--------+
         Total |   2139 |   2084 |     55 |    256 |   1426 |   3 |  713.0 |
       Dungeon |   2139 |   2084 |     55 |    256 |   1426 |   3 |  713.0 |
               +--------+--------+--------+--------+--------+-----+--------+

Top non-repeatable levels by time:
     D:2: 1179 daAuts
     D:1: 680 daAuts
     D:3: 279 daAuts
